 Dungeon Crawl Stone Soup version 0.31-a0-1-g4198be8af4 (webtiles) character file.

Game seed: 11211449305056520466

10280 backslashecho the Destroyer (level 11, -10/63 HPs)
             Began as a Tengu Air Elementalist on May 2, 2023.
             Was a Follower of Vehumet.
             Mangled by Fannar
             ... wielding a staff of cold
              (35 damage)
             ... on level 2 of the Lair of Beasts.
             The game lasted 00:52:57 (12917 turns).

backslashecho the Destroyer (TeAE)                 Turns: 12917, Time: 00:52:58

Health: -10/63     AC:  8    Str:  8    XL:     11   Next: 59%
Magic:  25/25      EV: 18    Int: 25    God:    Vehumet [*.....]
Gold:   554        SH:  5    Dex: 16    Spells: 10/28 levels left

rFire   . . .        d - +3 short sword (venom)
rCold   . . .        u - +0 buckler
rNeg    . . .        D - +0 swamp dragon scales
rPois   +            (helmet restricted)
rElec   .            r - +0 cloak
rCorr   .            (no gloves)
SInv    .            (boots unavailable)
Will    .....        c - amulet of magic regeneration
Stlth   +            t - +5 ring of evasion
HPRegen 0.30/turn    B - +6 ring of intelligence
MPRegen 0.59/turn

%: no passive effects
@: flying quickly and evasively, studying Conjurations, quick
A: beak, talons 3, nimble flight
a: Renounce Religion


You were on level 2 of the Lair of Beasts.
You worshipped Vehumet.
Vehumet was aware of your devotion.
You visited 3 branches of the dungeon, and saw 13 of its levels.

You collected 582 gold pieces.
You spent 28 gold pieces at shops.

Inventory:

Hand Weapons
 d - a +3 short sword of venom (weapon)
Missiles
 o - 32 poisoned darts (quivered)
Armour
 r - a +0 cloak (worn)
 u - a +0 buckler (worn)
 D - +0 swamp dragon scales (worn)
Magical Staves
 h - a staff of cold
Jewellery
 c - an amulet of magic regeneration (around neck)
 f - a ring of resist corrosion
 t - a +5 ring of evasion (left hand)
 B - a +6 ring of intelligence (right hand)
Wands
 F - a wand of iceblast (9)
 G - a wand of mindburst (20)
Scrolls
 i - 2 scrolls of identify
 m - 2 scrolls of silence
 n - a scroll of fog
 v - 3 scrolls of enchant weapon
 w - a scroll of poison
 y - a scroll of amnesia
 A - 4 scrolls of teleportation
Potions
 a - 4 potions of mutation
 b - 5 potions of magic
 e - a potion of might
 g - 3 potions of flight
 j - a potion of resistance
 k - 4 potions of heal wounds
 l - 6 potions of curing
 p - 5 potions of cancellation
 q - 3 potions of lignification
 s - a potion of ambrosia
 x - 4 potions of brilliance
 C - a potion of invisibility


   Skills:
 - Level 5.0 Fighting
 - Level 6.0 Dodging
 - Level 2.0 Stealth
 + Level 3.3 Shields
 - Level 9.0 Spellcasting
 + Level 13.1 Conjurations
 + Level 8.9 Fire Magic
 + Level 9.3 Air Magic


You had 10 spell levels left.
You knew the following spells:

 Your Spells              Type           Power      Damage    Failure   Level
a - Shock                 Conj/Air       100%       1d9       1%          1
b - Scorch                Fire           100%       2d9       1%          2
c - Static Discharge      Conj/Air       100%       2-7/arc   1%          2
d - Airstrike             Air            27%        2d(4-20)  6%          4
e - Flame Wave            Conj/Fire      61%        2d14      2%          4
x - Irradiate             Conj/Tmut      22%        3d19      43%         5

Your spell library contained the following spells:

 Spells                   Type           Power      Damage    Failure   Level
 Foxfire                  Conj/Fire      100%       2x1d9     1%          1
 Swiftness                Air            55%        N/A       1%          3
 Summon Small Mammal      Summ           44%        N/A       26%         1
 Call Canine Familiar     Summ           11%        N/A       61%         3
 Summon Guardian Golem    Hex/Summ       11%        N/A       61%         3
 Tukima's Dance           Hex            11%        N/A       61%         3
 Passage of Golubria      Tloc           11%        N/A       95%         4
 Blade Hands              Tmut           5%         N/A       100%        5
 Yara's Violent Unravell  Hex/Tmut       5%         3d4       100%        5
 Summon Cactus Giant      Summ           5%         N/A       100%        6
 Dragon Form              Tmut           5%         N/A       100%        7


Dungeon Overview and Level Annotations

Branches:
Dungeon (10/15)            Temple (1/1) D:4            Lair (2/5) D:10
  Swamp: Lair:2-3    Shoals: Lair:2-3     Snake: Lair:2-3    Spider: Lair:2-3
    Orc: D:9-12

Altars:
Ashenzari
Cheibriados
Dithmenos
Elyvilon
Fedhas
Gozag
Hepliaklqana
Kikubaaqudgha
Makhleb
Nemelex Xobeh
Okawaru
Qazlal
Ru
Sif Muna
Trog
Uskayaw
Vehumet
Wu Jian
Xom
Yredelemnul
Zin
The Shining One

Shops:
D:2 (:=!*   D:5 [   D:6 =   D:7 (   D:10 *

Annotations:
D:5 1 runed translucent door, jasper's ghost, novice TeAE
Lair:2 Erica; Fannar


Innate Abilities, Weirdness & Mutations

You have a beak for a mouth.
You have claws for feet.
Your magical nature lets you fly swiftly and evasively.


Message History

Fannar mumbles some strange words.
Okay, then.
Unknown command.
Press: ? - help, v - describe, . - travel The floor.
Unknown command.
Press: ? - help, v - describe, . - travel
Here: Fannar, wielding a staff of cold and wearing a +2 robe of cold resistance The floor.
Throw: 2 darts (curare)
Press: ? - help, Q - select action, (/) - cycle Shift-Dir - straight line, f - Fannar
Aim: Fannar, wielding a staff of cold and wearing a +2 robe of cold resistance (44% to hit)
You throw a curare-tipped dart.
The curare-tipped dart closely misses Fannar.
Throw: dart (curare)
Press: ? - help, Q - select action, (/) - cycle Shift-Dir - straight line, f/p - Fannar
Aim: Fannar, wielding a staff of cold and wearing a +2 robe of cold resistance (44% to hit)
You throw a curare-tipped dart.
The curare-tipped dart closely misses Fannar.
Okay, then.
Unknown command.
Casting: Static Discharge (safe; 1% risk of failure)
Confirm with . or Enter, or press ? or * to list all spells.
Okay, then.
Casting: Static Discharge (safe; 1% risk of failure)
Confirm with . or Enter, or press ? or * to list all spells.
Aiming: Shock (safe; 1% risk of failure)
Press: ? - help, Shift-Dir - straight line, f - ice beast, p - Fannar
Aim: an ice beast (summoned, 74% to hit)
The zap misses Fannar.
The zap hits the ice beast.
The ice beast is lightly wounded.
Fannar casts a spell at you. The bolt of cold hits you!!!
Ouch! That really hurt!
You take 39 damage, and have 24/63 hp.
MASSIVE DAMAGE!!
You now have 24/25 mp.
Unknown command.
Fannar casts a spell.
Fannar drains the heat from the surrounding environment!
Ouch! That really hurt!
You die...

#....##P.###.##......###.........
#P..###### #####+.### #...#####
##.# #..## ##### ##.## ##.P#
#...##### ####..## .#'##.#.#
#..>...# #.......# #......#
#..<....######......##
........'.......@....#
#........P#...........e((
###P.P#.######......##P## #######
#........# ##.P#P###.# ###### ##


You could see Fannar.

Vanquished Creatures
  2 cane toads
  Maggie (D:6)
  3 komodo dragons (D:10)
  Grinder (D:5)
  4 blink frogs (Lair:2)
  17 yaks
  2 wyverns
  4 hogs
  A human (D:7)
  2 steam dragons
  2 acid dragons
  2 water moccasins (Lair:1)
  A sky beast (D:7)
  2 black bears
  An ice beast (D:6)
  2 orc warriors
  An ogre (D:7)
  3 wolves
  A centaur (D:8)
  A phantom (D:5)
  A kobold brigand (D:9)
  8 bullfrogs
  A gnoll sergeant (D:7)
  3 scorpions
  11 killer bees
  A howler monkey (D:7)
  An electric eel (D:7)
  A crimson imp (D:10)
  2 hounds
  A gnoll bouda (D:6)
  10 orc priests
  A jelly (D:6)
  Jessica (D:2)
  An iguana (D:5)
  2 sleepcaps
  6 orc wizards
  Natasha (thrice) (D:4)
  12 gnolls
  10 adders
  A shadow imp (D:6)
  4 white imps
  An ufetubus (D:5)
  4 dart slugs
  32 orcs
  4 endoplasms
  2 giant cockroaches
  7 goblins
  7 hobgoblins
  14 kobolds
  3 quokkas (D:1)
  4 ball pythons
  8 bats
  4 frilled lizards
  6 rats
230 creatures vanquished.

Vanquished Creatures (others)
  5 fungi
  55 plants
60 creatures vanquished.

Grand Total: 290 creatures vanquished

Notes
Turn   | Place    | Note
-------+----------+-------------------------------------------
     0 | D:1      | backslashecho the Tengu Air Elementalist began the quest
                  | for the Orb.
     0 | D:1      | Reached XP level 1. HP: 10/10 MP: 4/4
   146 | D:1      | Reached skill level 2 in Conjurations
   206 | D:1      | Reached XP level 2. HP: 15/15 MP: 3/6
   410 | D:1      | Reached XP level 3. HP: 18/19 MP: 5/7
   534 | D:1      | Learned a level 2 spell: Static Discharge
   579 | D:1      | Reached skill level 3 in Conjurations
   811 | D:2      | Found Gamotunk's Assorted Antiques.
   854 | D:2      | Noticed Jessica
   855 | D:2      | Killed Jessica
   856 | D:2      | Reached XP level 4. HP: 24/24 MP: 6/8
   890 | D:2      | Found Moiduneu's Distillery.
  1066 | D:2      | Found Geck's Book Emporium.
  1066 | D:2      | Found Gutafaxt's Antique Weapon Shop.
  1087 | D:2      | Reached skill level 4 in Conjurations
  1235 | D:2      | Found a faded altar of an unknown god.
  1294 | D:2      | Found Nemess's Jewellery Emporium.
  1709 | D:3      | Reached skill level 5 in Air Magic
  1713 | D:3      | Gained mutation: Your magical nature lets you fly swiftly
                  | and evasively. [Tengu growth]
  1713 | D:3      | Reached XP level 5. HP: 28/28 MP: 7/10
  2055 | D:3      | Reached skill level 5 in Conjurations
  2317 | D:4      | Reached skill level 1 in Fighting
  2317 | D:4      | Reached XP level 6. HP: 18/35 MP: 5/12
  2551 | D:4      | Noticed Natasha
  2557 | D:4      | Killed Natasha
  2753 | D:4      | Noticed Natasha
  2761 | D:4      | Killed Natasha
  2837 | D:4      | Reached XP level 7. HP: 38/41 MP: 11/14
  3051 | D:4      | Found a staircase to the Ecumenical Temple.
  3056 | Temple   | Entered the Ecumenical Temple
  3371 | D:4      | Noticed Natasha
  3380 | D:4      | Killed Natasha
  3436 | D:5      | Entered Level 5 of the Dungeon
  3456 | D:5      | Noticed jasper's ghost (novice TeAE)
  3456 | D:5      | Found a runed translucent door.
  3639 | D:5      | Noticed Grinder
  3798 | D:5      | Found Qikiut's Antique Armour Emporium.
  3807 | D:5      | Reached skill level 5 in Spellcasting
  4013 | D:5      | Killed Grinder
  4014 | D:5      | Reached skill level 5 in Fighting
  4014 | D:5      | Reached XP level 8. HP: 36/49 MP: 12/17
  4017 | D:5      | Learned a level 2 spell: Scorch
  4346 | D:6      | Reached skill level 1 in Fire Magic
  4548 | D:6      | Found Teryi's Jewellery Shoppe.
  4804 | D:6      | Learned a level 4 spell: Airstrike
  4867 | D:6      | Noticed Maggie
  4875 | D:6      | Killed Maggie
  4876 | D:6      | Reached skill level 6 in Conjurations
  5368 | D:6      | Reached XP level 9. HP: 54/54 MP: 17/20
  6197 | D:7      | Found Qaxzinoa's Weapon Shop.
  6207 | D:7      | Bought 2 curare-tipped darts for 28 gold pieces
  6266 | D:7      | Reached skill level 5 in Fire Magic
  6283 | D:7      | Found a burning altar of Makhleb.
  6504 | D:7      | Found a shadowy altar of Dithmenos.
  6957 | D:7      | Reached XP level 10. HP: 44/59 MP: 18/24
  7066 | D:7      | Reached skill level 7 in Conjurations
  7163 | D:7      | Found a radiant altar of Vehumet.
  7169 | D:7      | Became a worshipper of Vehumet
  7658 | D:7      | Learned a level 4 spell: Flame Wave
  7944 | D:8      | Reached skill level 8 in Conjurations
  9572 | D:9      | Reached skill level 9 in Conjurations
  9896 | D:10     | Entered Level 10 of the Dungeon
  9991 | D:9      | Reached skill level 5 in Dodging
 10084 | D:10     | Found a shimmering blue altar of Sif Muna.
 10145 | D:10     | Found a basalt altar of Yredelemnul.
 10205 | D:10     | Reached * piety under Vehumet
 10205 | D:10     | Offered knowledge of Foxfire by Vehumet.
 10206 | D:10     | Reached skill level 11 in Conjurations
 10212 | D:10     | Reached XP level 11. HP: 38/63 MP: 18/25
 10546 | D:10     | Found a staircase to the Lair.
 10592 | D:10     | Reached skill level 1 in Shields
 10949 | D:10     | Learned a level 5 spell: Irradiate
 11005 | D:10     | Found a hazy altar of Hepliaklqana.
 11057 | D:10     | Reached skill level 12 in Conjurations
 11116 | D:10     | Found Zin's Purification Station.
 11120 | D:10     | Found a glowing silver altar of Zin.
 11224 | Lair:1   | Entered Level 1 of the Lair of Beasts
 12532 | Lair:2   | Noticed Erica
 12533 | Lair:2   | Reached skill level 13 in Conjurations
 12913 | Lair:2   | Noticed Fannar
 12917 | Lair:2   | Mangled by Fannar

Illustrated notes

Levels and vault maps discovered:
D:1:      co_arrival_random_square_maze, layout_basic,
          chequers_serial_rivers_room_b
D:2:      layout_loops_ring, serial_shops, nicolae_shop_pleasant_corner_grove,
          shop, nicolae_shop_hallway_stairs, shop, shop, basic_ecumenical_altar,
          hangedman_abyss_or_decor_stabs, grunt_ministairs_8, minmay_circle_x,
          uniq_jessica
D:3:      layout_basic
D:4:      layout_loops_ring, temple_doors_e, uniq_natasha
D:5:      layout_basic, hellmonk_ghost_happy_afterlife, serial_shops,
          nicolae_take_the_stairs, st_stairs_12, uniq_grinder
D:6:      minmay_evil_eye, layout_loops_ring, serial_shops,
          nicolae_shop_statue_plus, uniq_maggie
D:7:      layout_basic, lightli_temple_of_fire,
          mainiacjoe_overflow_catch_the_wave, grunt_livestock,
          grunt_decor_resistance, minmay_shop_grid_forest, minmay_crystal_water
D:8:      layout_basic, amethyst_killhole, nicolae_elevator_lobby_asterisk
D:9:      layout_stronghold, serial_column_ruins, column_ruins_grid_1,
          column_ruins_grid_1, column_ruins_grid_1,
          column_ruins_columns_straight, chequers_serial_rivers_micro_b
D:10:     layout_roguey, mainiacjoe_overflow_alcove_4,
          mainiacjoe_overflow_boulevard, zin_purify,
          nicolae_sif_muna_condensation, david_lair_shrubbed,
          minmay_fire_ice_demons
Temple:   bh_familiar_temple
Lair:1:   layout_regular_city, serial_bayou_shore_b, grunt_megastairs_4,
          infiniplex_staircase_pool_2
Lair:2:   layout_roguey, minmay_snake_entry_six_corridors,
          cheibrodos_lair_lostbears, lemuel_fruit_fields, uniq_erica,
          uniq_fannar

Skill      XL: |  1  2  3  4  5  6  7  8  9 10 11 |
---------------+----------------------------------+-----
Conjurations   | 2 3 4 5 6 11 13 | 13.1
Air Magic      | 5 8 9 |  9.3
Spellcasting   | 3 4 5 6 9 |  9.0
Fighting       | 1 3 5 |  5.0
Fire Magic     | 3 5 8 |  8.9
Dodging        | 5 6 |  6.0
Shields        | 3 |  3.3
Stealth        | |  2.0

Action                     |  1- 3 |  4- 6 |  7- 9 | 10-12 || total
---------------------------+-------+-------+-------+-------++-------
  Melee: Kick              |     1 |     1 |       |     1 ||     3
         Dagger            |     1 |       |       |       ||     1
         Short sword       |       |     1 |     1 |     1 ||     3
         Peck              |       |     1 |       |       ||     1
  Throw: Dart              |       |       |     5 |     7 ||    12
   Cast: Shock             |    43 |   127 |   172 |   171 ||   513
         Static Discharge  |       |    11 |    46 |    48 ||   105
         Scorch            |       |       |     9 |    11 ||    20
         Airstrike         |       |       |     2 |    10 ||    12
         Flame Wave        |       |       |       |     4 ||     4
    Use: Scroll            |       |     5 |     2 |    20 ||    27
         Potion            |       |       |     1 |       ||     1
   Stab: Sleeping          |       |       |     1 |       ||     1
 Armour: Robe              |     4 |     4 |     5 |       ||    13
         Swamp dragon scal |       |       |    17 |    26 ||    43
  Dodge: Dodged            |    11 |    18 |    57 |    94 ||   180
  Block: Buckler           |       |       |       |    13 ||    13

Table legend: (Time is in decaauts)
 A = Elapsed time spent in this place.
 B = Non-inter-level travel time spent in this place.
 C = Inter-level travel time spent in this place.
 D = Time resting spent in this place.
 E = Time spent auto-exploring this place.
 F = Levels seen in this place.
 G = Mean time per level.
                   A        B        C        D        E       F      G
               +--------+--------+--------+--------+--------+-----+--------+
         Total |  12265 |  11362 |    903 |   2767 |   6051 |  13 |  943.5 |
       Dungeon |  10970 |  10190 |    780 |   2530 |   5351 |  10 | 1097.0 |
        Temple |    169 |    151 |     18 |      0 |    147 |   1 |  169.0 |
          Lair |   1125 |   1021 |    104 |    237 |    552 |   2 |  562.5 |
               +--------+--------+--------+--------+--------+-----+--------+

Top non-repeatable levels by time:
    D:10: 1575 daAuts
     D:7: 1529 daAuts
     D:6: 1433 daAuts
     D:9: 1273 daAuts
     D:4: 988 daAuts
     D:8: 982 daAuts
  Lair:1: 897 daAuts
     D:5: 860 daAuts
     D:1: 843 daAuts
     D:2: 779 daAuts
     D:3: 703 daAuts
  Lair:2: 228 daAuts
  Temple: 169 daAuts
